 Dungeon Crawl Stone Soup version 0.31-a0-876-gfe8ebadbca (webtiles) character file.

Game seed: 15652761739643519290

65 Xavori the Cutter (level 4, -1/27 HPs)
             Began as an Octopode Chaos Knight on Oct 13, 2023.
             Was a Plaything of Xom.
             Killed from afar by an orc wizard (11 damage)
             ... with a puff of flame
             ... on level 3 of the Dungeon.
             The game lasted 00:01:44 (10613 turns).

Xavori the Cutter (Octopode Chaos Knight)          Turns: 10613, Time: 00:01:46

Health: -1/27      AC:  1    Str: 10    XL:     4   Next: 13%
Magic:  3/3        EV: 13    Int: 18    God:    Xom [.*....]
Gold:   192        SH:  3    Dex: 12    Spells: 3/3 levels left

rFire   . . .        a - +0 short sword (chaos)
rCold   + . .        g - +0 buckler
rNeg    . . .        (helmet currently unavailable)
rPois   +            (no amulet)
rElec   +            (no ring)
rCorr   .            (no ring)
SInv    .            (no ring)
Will    +....        (no ring)
Stlth   +++          (no ring)
HPRegen 0.24/turn    (no ring)
MPRegen 0.08/turn    (no ring)
                     (no ring)

%: clarity
@: beast-form
A: beast (slay +0), almost no armour, amphibious, 8 rings, camouflage 1,
gelatinous body 1, (nimble swimmer 1), tentacles, tentacle spike 1, clarity,
clever 1, cold resistance 1, frail 1, low MP 1, strong-willed 1, poison
resistance, electricity resistance, teleportitis 1, MP-powered wands
a: Begin Untransformation, Renounce Religion


You were on level 3 of the Dungeon.
You worshipped Xom.
You were a plaything of Xom.
You were a hulking beast.
You visited 1 branch of the dungeon, and saw 3 of its levels.

You collected 192 gold pieces.

Inventory:

Hand Weapons
 a - a +0 short sword of chaos (weapon)
Armour
 g - a +0 buckler (worn)
Talismans
 l - a beast talisman (active)
Scrolls
 b - a scroll of butterflies
 d - 3 scrolls of identify {unknown}
 f - a scroll of teleportation {unknown}
 h - a scroll of torment {unknown}
 k - a scroll of amnesia {unknown}
 m - a scroll of revelation {unknown}
 n - a scroll of enchant armour {unknown}
 p - a scroll of enchant weapon {unknown}
Potions
 c - a potion of enlightenment {unknown}
 e - 2 potions of curing {unknown}
 i - a potion of lignification {unknown}
 j - a potion of invisibility {unknown}
 o - a potion of berserk rage {unknown}
 q - a potion of haste {unknown}


   Skills:
 + Level 3.2 Fighting
 + Level 3.6 Short Blades
 + Level 2.7 Dodging
 + Level 3.1 Stealth
 * Level 0.3 Shapeshifting


You had 3 spell levels left.
You didn't know any spells.
Your spell library contained the following spells:

 Spells                   Type           Power      Damage    Failure   Level
 Summon Lightning Spire   Summ/Air       0%         N/A       97%         4
 Lee's Rapid Deconstruct  Erth           0%         3d4*      100%        5
 Animate Armour           Summ/Erth      Unusable   N/A       N/A         4

Dungeon Overview and Level Annotations

Branches:
Dungeon (3/15)

Altars:
Xom


Innate Abilities, Weirdness & Mutations

You are a hulking beast.
Your limbs bulge with bestial killing power. (Slay +0)
You cannot wear most types of armour.
You are amphibious.
You can wear up to eight rings at the same time.
Your skin changes colour to match your surroundings (Stealth+).
Your rubbery body absorbs attacks. (AC +1, EV +1)
((You are camouflaged when in or above water. (Stealth+)))
You have tentacles for arms and can constrict up to eight enemies at once.
One of your tentacles bears a spike.
You possess an exceptional clarity of mind.
Your mind is acute. (Int +4, Str/Dex -1)
Your flesh is cold resistant. (rC+)
You are frail. (-10% HP)
Your magical capacity is low. (-10% MP)
You are strong-willed. (Will+)
Your system is resistant to poisons. (rPois)
You are resistant to electric shocks. (rElec)
You are occasionally teleported next to monsters.
You expend magic power (3 MP) to strengthen your wands.


Message History

You hit the orc but do no damage. You squeeze the orc, but do no damage.
The orc is moderately wounded.
You constrict the orc. The orc hits you with a +0 club.
There are monsters nearby!
You hit the orc.
The orc is moving more slowly.
You pierce the orc, but do no damage.
The orc is severely wounded.
You constrict the orc, but do no damage.
The orc closely misses you.
There are monsters nearby!
You hit the orc but do no damage. You squeeze the orc.
You kill the orc!
You feel your strength returning.
A rat is nearby! "Where it stops, nobody knows!"
Your surroundings suddenly seem different.
Your surroundings suddenly seem different.
Your surroundings suddenly seem different.
Your surroundings suddenly seem different.
Found four items.
Your surroundings suddenly seem different. 2 orc wizards and 9 orcs come into view.
An orc wizard is wielding a +1 vampiric dagger.
Found a pink potion.
Unknown command.
Unknown command.
Unknown command.
The orc wizard shouts!
The orc shouts! x4
The orc wizard barely misses you. The orc hits you with a +0 club.
The orc shouts!
You hear a bark!
The orc wizard hits you with a +1 vampiric dagger.
The orc shouts!
You hit the orc but do no damage. You grab the orc.
You pierce the orc.
The orc is lightly wounded.
You constrict the orc, but do no damage.
The orc hits you with a +0 club. The orc misses you.
The orc wizard gestures at you while chanting.
The puff of flame hits you!
You die...
Xom chuckles heartily!

#........#
#..?.....#
#....)...####
#...........
#........#
#........#
#........#
##### ##
#####!####
##...##...##
#.
##..oho.....#
#!
#..oooo......
#.
#...ooo......
#.
#...oo.......
..
##..........#
#####
##...##...##
..... ##.##
#### # ###.#
# ?. .# #


You could see 2 orc wizards and 9 orcs.

Vanquished Creatures
  2 adders
  2 dart slugs
  5 orcs (D:3)
  5 endoplasms
  3 goblins
  3 hobgoblins
  2 jackals (D:3)
  3 quokkas
  2 ball pythons
  2 bats
  A frilled lizard (D:3)
  3 kobolds
33 creatures vanquished.

Notes
Turn   | Place    | Note
-------+----------+-------------------------------------------
     0 | D:1      | Xavori the Octopode Chaos Knight began the quest for the
                  | Orb.
     0 | D:1      | Reached XP level 1. HP: 16/16 MP: 1/1
    80 | D:1      | XOM: divination: magic mapping
   172 | D:1      | Reached XP level 2. HP: 17/21 MP: 2/2
   353 | D:1      | XOM: noise
  1198 | D:1      | XOM: silly message
  1448 | D:1      | XOM: give mutations
  1448 | D:1      | Gained mutation: You expend magic power (3 MP) to
                  | strengthen your wands. [Xom's grace]
  1448 | D:1      | Gained mutation: You are resistant to electric shocks.
                  | (rElec) [Xom's grace]
  1448 | D:1      | Gained mutation: You possess an exceptional clarity of
                  | mind. [Xom's grace]
  1448 | D:1      | Gained mutation: Your system is resistant to poisons.
                  | (rPois) [Xom's grace]
  1523 | D:1      | XOM: scenery: create altars
  2045 | D:1      | XOM: divination: magic mapping
  2281 | D:1      | XOM is BORED!
  2281 | D:1      | XOM: give mutation
  2281 | D:1      | Gained mutation: You are frail. (-10% HP) [Xom's mischief]
  2487 | D:1      | XOM: silly message
  2830 | D:1      | XOM: noise
  3611 | D:1      | XOM: stat loss: -1 Str (10/11)
  4413 | D:1      | XOM: stat loss: -1 Int (13/14)
  4869 | D:1      | XOM: cloud trail
  5177 | D:1      | XOM is BORED!
  5177 | D:1      | XOM: give mutation
  5177 | D:1      | Gained mutation: Your magical capacity is low. (-10% MP)
                  | [Xom's mischief]
  5349 | D:1      | XOM: silly message
  5672 | D:1      | XOM: god gift: leather armour {god gift}
  5791 | D:1      | XOM: silly message
  6482 | D:1      | XOM: stat loss: -1 Str (9/11)
  6560 | D:1      | XOM: god gift: +3 great sword of chaos
  7083 | D:1      | XOM: give mutation
  7083 | D:1      | Gained mutation: Your flesh is cold resistant. (rC+) [Xom's
                  | grace]
  7187 | D:1      | XOM: give mutations
  7187 | D:1      | Gained mutation: You are strong-willed. (Will+) [Xom's
                  | grace]
  7187 | D:1      | Gained mutation: Your mind is acute. (Int +4, Str/Dex -1)
                  | [Xom's grace]
  7187 | D:1      | Gained mutation: One of your tentacles bears a spike.
                  | [Xom's grace]
  7279 | D:1      | XOM: scenery: summon butterflies
  7599 | D:1      | XOM: scenery: create altars
  8011 | D:1      | XOM: give mutation
  8011 | D:1      | Gained mutation: You are occasionally teleported next to
                  | monsters. [Xom's mischief]
  8048 | D:1      | XOM: god gift: orb of energy
  8286 | D:1      | XOM is BORED!
  8536 | D:1      | XOM: scenery: summon butterflies
  8649 | D:1      | XOM: divination: detect items
  8818 | D:1      | XOM: scenery: summon butterflies
  8999 | D:1      | XOM: cloud trail
  9691 | D:1      | XOM: summons 1 hostile demon
  9868 | D:2      | Reached skill level 1 in Stealth
  9868 | D:2      | Reached XP level 3. HP: 8/23 MP: 2/2
 10103 | D:2      | XOM: god gift: 56 gold pieces
 10406 | D:3      | XOM: stealth player
 10454 | D:3      | XOM: smoke on damage
 10568 | D:3      | Reached XP level 4. HP: 23/27 MP: 3/3
 10610 | D:3      | XOM: 5-stop teleportation journey
 10613 | D:3      | Killed from afar by an orc wizard

Illustrated notes

Levels and vault maps discovered:
D:1:      wheals_arrival_linesprint, layout_rooms
D:2:      layout_basic
D:3:      layout_rooms, grunt_ministairs_10, uniq_sigmund

Skill      XL: |  1  2  3  4 |
---------------+-------------+-----
Stealth        | 1 2 3 |  3.1
Fighting       | |  3.2
Short Blades   | |  3.6
Dodging        | |  2.7
Shapeshifting  | |  0.3

Action                     |  1- 3 |  4- 6 || total
---------------------------+-------+-------++-------
  Melee: Short sword       |    49 |    10 ||    59
         Constrict         |    15 |     3 ||    18
         Tentacles         |    10 |     4 ||    14
         Kick              |     8 |     4 ||    12
         Punch             |     2 |       ||     2
   Stab: Sleeping          |     9 |       ||     9
 Armour: Skin              |    18 |     8 ||    26
  Dodge: Dodged            |    19 |     3 ||    22
  Block: Buckler           |     2 |     1 ||     3
   Form: Beast             |     1 |       ||     1

Table legend: (Time is in decaauts)
 A = Elapsed time spent in this place.
 B = Non-inter-level travel time spent in this place.
 C = Inter-level travel time spent in this place.
 D = Time resting spent in this place.
 E = Time spent auto-exploring this place.
 F = Levels seen in this place.
 G = Mean time per level.
                   A        B        C        D        E       F      G
               +--------+--------+--------+--------+--------+-----+--------+
         Total |  10607 |  10507 |    100 |   9252 |    998 |   3 | 3535.7 |
       Dungeon |  10607 |  10507 |    100 |   9252 |    998 |   3 | 3535.7 |
               +--------+--------+--------+--------+--------+-----+--------+

Top non-repeatable levels by time:
     D:1: 9686 daAuts
     D:2: 716 daAuts
     D:3: 205 daAuts
